 Dungeon Crawl Stone Soup version 0.27.1-34-g3ba077fa99 (webtiles) character file.

Game seed: 10153472173454730337

26 Amplified the Shield-Bearer (level 3, -5/31 HPs)
             Began as a Gnoll Wanderer on Jan 4, 2022.
             Was an Initiate of Gozag.
             Killed from afar by Sigmund (6 damage)
             ... with a magic dart
             ... on level 2 of the Dungeon.
             The game lasted 00:02:57 (1238 turns).

Amplified the Shield-Bearer (Gnoll Wanderer)        Turns: 1238, Time: 00:02:58

Health: -5/31      AC:  9    Str: 13    XL:     3   Next: 8%
Magic:  3/3        EV:  9    Int:  9    God:    Gozag
Gold:   134        SH:  0    Dex: 12    Spells: 3/3 levels left

rFire    . . .     SeeInvis .   a - +0 short sword
rCold    . . .     Faith    .   (no shield)
rNeg     . . .     Spirit   .   b - +2 scale mail
rPois    .         Reflect  .   (no helmet)
rElec    .         Harm     .   (no cloak)
rCorr    .         Rampage  .   (no gloves)
Will     .....                  (no boots)
Stlth    ..........             (no amulet)
HPRegen  0.10/turn              (no ring)
MPRegen  0.08/turn              (no ring)

@: confused
A: fangs 1, strong nose, distributed training
a: Renounce Religion, Potion Petition, Call Merchant, Bribe Branch


You were on level 2 of the Dungeon.
You worshipped Gozag.
Gozag was aware of your devotion.
You visited 1 branch of the dungeon, and saw 2 of its levels.

You collected 134 gold pieces.

Inventory:

Hand Weapons
 a - a +0 short sword (weapon)
Armour
 b - a +2 scale mail (worn)
Magical Staves
 i - a staff of earth
Scrolls
 c - a scroll of enchant weapon {unknown}
 d - a scroll of fear {unknown}
 e - a scroll of enchant armour {unknown}
 f - a scroll of teleportation {unknown}
 g - 2 scrolls of identify {unknown}
 h - a scroll of immolation {unknown}
 l - a scroll of fog {unknown}


   Skills:
 + Level 4.5 Fighting
 + Level 4.5 Short Blades
 + Level 0.6 Long Blades
 + Level 4.5 Axes
 + Level 0.6 Maces & Flails
 + Level 0.6 Polearms
 + Level 0.6 Staves
 + Level 0.6 Slings
 + Level 0.6 Bows
 + Level 0.6 Crossbows
 + Level 0.6 Throwing
 + Level 4.5 Armour
 + Level 0.6 Dodging
 + Level 0.6 Stealth
 + Level 4.5 Shields
 + Level 0.6 Unarmed Combat
 + Level 0.6 Spellcasting
 + Level 0.4 Conjurations
 + Level 0.4 Hexes
 + Level 0.4 Summonings
 + Level 0.4 Necromancy
 + Level 0.4 Translocations
 + Level 0.4 Transmutations
 + Level 0.4 Fire Magic
 + Level 0.4 Ice Magic
 + Level 0.4 Air Magic
 + Level 0.4 Earth Magic
 + Level 0.4 Poison Magic
 + Level 0.8 Invocations
 + Level 0.6 Evocations


You had 3 spell levels left.
You didn't know any spells.
Your spell library was empty.

Dungeon Overview and Level Annotations

Branches:
Dungeon (2/15)

Altars:
Gozag

Shops:
D:1 (

Annotations:
D:2 Sigmund


Innate Abilities, Weirdness & Mutations

You have very sharp teeth.
Your uncanny sense of smell can sniff out nearby items.
Your experience applies equally to all skills.


Message History

You hear some strange, mumbled words.
Something tries to affect you, but you resist.
You bump into the rock wall.
Something hits you.
You aren't carrying any potions.
Unknown command.
You are too confused!
Unknown command.
Okay, then.
You are too confused!
Unknown command.
You are too confused!
Unknown command.
You bump into the rock wall.
You're too confused to move!
Something hits you.
You bump into the rock wall.
Something hits you.
You bump into the closed door.
You bump into the closed door.
Something hits you but does no damage.
You bump into the closed door.
You feel less confused. Something hits you.
* * * LOW HITPOINT WARNING * * *
You open the door.
There is an open door here.
Something tries to affect you, but you resist.
You are confused.
You hear some strange, mumbled words.
You are more confused.
You bump into the rock wall.
You hear some strange, mumbled words.
Something tries to affect you, but you resist.
Something hits you!
* * * LOW HITPOINT WARNING * * *
Something hits you.
* * * LOW HITPOINT WARNING * * *
Sigmund appears from thin air!
Reactivating autopickup.
Sigmund casts a spell at you. The magic dart hits you.
You die...
Your body crumbles into a pile of gold.

....# #.# ....#......# ....#
#.# ....#......# ....# #.#
....#......###. ###.# #.#
...#.....[.... # #.# #.#
#.##.....###. # #.# #.#
#.##.....#
###.###.#####.##.....#
..............##.>...#
.##.###.###.....@....#
......#)# #.......#### ..
......#.# #.......# #... $
......#.###.......######....
..............@..............
.............................
......#.....######.......#...
#######.....######..........
........'....'.......####


You could see Sigmund.

Vanquished Creatures
  3 ball pythons (D:1)
  2 bats (D:1)
  4 endoplasms
  4 goblins
  A hobgoblin (D:1)
  A kobold (D:1)
  2 frilled lizards (D:1)
  7 rats
24 creatures vanquished.

Notes
Turn   | Place    | Note
-------+----------+-------------------------------------------
     0 | D:1      | Amplified the Gnoll Wanderer began the quest for the Orb.
     0 | D:1      | Amplified set off with the following items: a +0 short
                  | sword, a +2 scale mail, a potion of curing
     0 | D:1      | Reached XP level 1. HP: 20/20 MP: 1/1
    89 | D:1      | Reached XP level 2. HP: 24/26 MP: 2/2
   157 | D:1      | Found a faded altar of an unknown god.
   176 | D:1      | Became a worshipper of Gozag Ym Sagoz the Greedy
   254 | D:1      | Found Annabames's Antique Weapon Boutique.
  1079 | D:2      | Reached XP level 3. HP: 25/31 MP: 3/3
  1180 | D:2      | Noticed Sigmund
  1236 | D:2      | HP: 1/31 [something (1)]
  1238 | D:2      | Killed from afar by Sigmund

Illustrated notes

Levels and vault maps discovered:
D:1:      elethiomel_arrival_infinity_welcomes_careful_drivers, layout_basic,
          serial_shops, shop, ebering_ecumenical_altar_webs
D:2:      layout_basic, uniq_sigmund

Action                   || total
-------------------------++-------
Melee: Short sword       ||    74
       Bite              ||     6
  Use: Potion            ||     3
Armor: Scale mail        ||    35
Dodge: Dodged            ||    32
